 Dungeon Crawl Stone Soup version 0.24.0-125-gc4c63601f3 (webtiles) character file.

Game seed: 17302943789428853184, levelgen mode: deterministic

585 nightchill the Stinger (level 7, -5/53 (57) HPs)
             Began as a Ghoul Venom Mage on Mar 21, 2020.
             Slain by Eustachio
             ... wielding a +0 rapier
              (7 damage)
             ... on level 4 of the Dungeon.
             The game lasted 00:12:51 (5977 turns).

nightchill the Stinger (Ghoul Venom Mage)           Turns: 5977, Time: 00:12:52

HP:   -5/53 (57)    AC:  3    Str: 12    XL:     7   Next: 37%
MP:   6/8           EV: 11    Int: 12    God:
Gold: 141           SH:  0    Dex:  9    Spells: 4/9 levels left

rFire    . . .     SeeInvis .     - Unarmed
rCold    + . .     Gourm    .   (no shield)
rNeg     + + +     Faith    .   d - +0 leather armour
rPois    ∞         Spirit   .   (no helmet)
rElec    .         Reflect  .   (no cloak)
rCorr    .         Harm     .   (no gloves)
MR       .....                  (no boots)
Stlth    +.........             (no amulet)
HPRegen  0.00/turn              (no ring)
MPRegen  0.11/turn              (no ring)

@: rotting
A: rotting body, claws 1, carnivore, cold resistance 1, negative energy
resistance 3, inhibited regeneration, torment resistance, unbreathing
a: no special abilities


You were on level 4 of the Dungeon.
You were not hungry.

You visited 1 branch of the dungeon, and saw 4 of its levels.

You collected 141 gold pieces.

Inventory:

Hand Weapons
 b - a +0 hunting sling
 g - a +1 antimagic dagger
Missiles
 h - 193 stones (quivered)
Armour
 a - a +0 robe
 d - a +0 leather armour (worn)
 f - a +0 chain mail
 q - a +0 leather armour
Jewellery
 r - an uncursed ring of resist corrosion {unknown}
Scrolls
 e - 2 scrolls of remove curse {unknown}
 i - a scroll of fog {unknown}
 j - a scroll of identify {unknown}
 m - a scroll of fear {unknown}
 o - 4 scrolls of amnesia {unknown}
 p - a scroll of immolation {unknown}
 s - 2 scrolls of teleportation {unknown}
Potions
 k - a potion of agility {unknown}
 l - 3 potions of curing
 n - 2 potions of heal wounds {unknown}
 t - a potion of lignification {unknown}
Comestibles
 c - 6 rations


   Skills:
 + Level 3.4 Fighting
 - Level 1.7 Dodging
 - Level 2.1 Stealth
 * Level 5.1 Unarmed Combat
 - Level 1.7 Spellcasting
 - Level 0.7 Conjurations
 * Level 5.7 Poison Magic


You had 4 spell levels left.
You knew the following spells:

 Your Spells              Type           Power        Failure   Level  Hunger
a - Sting                 Conj/Pois      #...         10%         1    ##.....
b - Olgreb's Toxic Radia  Pois           ##......     34%         4    #####..

Your spell library contained the following spells:

 Spells                   Type           Power        Failure   Level  Hunger
 Poisonous Vapours        Pois/Air       #.....       17%         2    ###....
 Mephitic Cloud           Conj/Pois/Air  #.......     41%         3    ####...
 Venom Bolt               Conj/Pois      #.........   95%         5    ######.


Dungeon Overview and Level Annotations

Branches:
Dungeon (4/15)
 Temple: D:4-7

Altars:
Fedhas
Yredelemnul

Annotations:
D:4 Eustachio


Innate Abilities, Weirdness & Mutations

Your body is rotting away.
You thrive on raw meat.
You are immune to poison.
You have sharp fingernails.
You are carnivorous and can eat meat at any time.
Your flesh is cold resistant. (rC+)
You are immune to negative energy. (rN+++)
You do not regenerate when monsters are visible.
You are immune to unholy pain and torment.
You can survive without breathing.


Message History

Eustachio hits you with a +0 rapier.
You miss Eustachio.
Eustachio is almost dead.
The iguana closely misses you.
Eustachio mumbles some strange words.
The iron imp hits you.
You barely miss Eustachio.
Eustachio is almost dead.
The iguana bites you. Eustachio hits you with a +0 rapier!
The iron imp hits you!
* * * LOW HITPOINT WARNING * * *
You closely miss Eustachio.
Eustachio is almost dead.
The iguana bites you.
* * * LOW HITPOINT WARNING * * *
Eustachio casts a spell.
Eustachio blinks!
The iron imp spits at you. Eustachio hits you with a +0 rapier!
You die...

#.....###..##.####
####)## ##.##.# #
#<.###..##.# ..
#...#......##### ..
####.#...###...## #.
###...###.#...
#.#?.#### #..)#.....##
#.......# #...#....## #
#@#####...#....###
...##@5l.......).....#
......55.......)÷.....#
..###.................#
........###...#...###.
#....%..# #...#...# .
#..###..# #...#...# #..
...# #...##### #. .....
#...#


You could see Eustachio, an iguana, an iron imp and 2 shadow imps.

Vanquished Creatures
  An ogre (D:4)
  A scorpion (D:4)
  An orc priest (D:3)
  3 orc wizards
  An iguana (D:4)
  Jessica (D:2)
  Natasha (thrice) (D:2)
  A worker ant (D:4)
  A hound skeleton (D:4)
  5 adders
  2 oozes
  3 worms
  2 dart slugs (D:2)
  2 leopard geckos
  18 orcs
  A ball python (D:1)
  11 bats
  4 giant cockroaches
  6 goblins
  5 hobgoblins
  3 jackals
  4 kobolds
  4 quokkas
  5 frilled lizards
  5 rats
93 creatures vanquished.

Notes
Turn   | Place    | Note
-------+----------+-------------------------------------------
     0 | D:1      | nightchill the Ghoul Venom Mage began the quest for the
                  | Orb.
     0 | D:1      | Reached XP level 1. HP: 14/14 MP: 2/2
   410 | D:1      | Reached XP level 2. HP: 15/22 MP: 0/3
   524 | D:1      | Reached skill level 1 in Unarmed Combat
  1593 | D:1      | Reached skill level 1 in Fighting
  1623 | D:1      | Reached XP level 3. HP: 27/27 MP: 4/4
  2142 | D:2      | Noticed Natasha
  2174 | D:2      | Killed Natasha
  2174 | D:2      | Reached XP level 4. HP: 3/31 MP: 3/5
  2501 | D:2      | Noticed Natasha
  2701 | D:2      | Killed Natasha
  2701 | D:2      | Reached XP level 5. HP: 8/41 MP: 0/6
  3014 | D:2      | Learned a level 4 spell: Olgreb's Toxic Radiance
  3155 | D:2      | Noticed Natasha
  3155 | D:2      | Noticed Jessica
  3171 | D:2      | Killed Natasha
  3188 | D:2      | Killed Jessica
  3757 | D:3      | Reached XP level 6. HP: 49/49 MP: 3/7
  4211 | D:3      | Found a blossoming altar of Fedhas.
  4383 | D:3      | HP: 2/50 [orc/+2 war axe of freezing (2)]
  4878 | D:3      | Found a basalt altar of Yredelemnul.
  4940 | D:4      | Reached skill level 5 in Poison Magic
  5477 | D:4      | Reached XP level 7. HP: 12/55 MP: 8/8
  5786 | D:4      | Noticed Eustachio
  5812 | D:4      | Reached skill level 5 in Unarmed Combat
  5976 | D:4      | HP: 2/53 [iguana (5)]
  5977 | D:4      | Slain by Eustachio

Levels and vault maps discovered:
D:1:      dpeg_cavernosity, layout_rooms
D:2:      layout_loops_corners, uniq_jessica, uniq_natasha
D:3:      layout_basic, lemuel_crystal_altar, yredelemnul_altar_generic,
          minmay_misc_feat_cross
D:4:      layout_loops_cross, kennysheep_little_box, lemuel_doored_altar,
          nicolae_overflow_hidden_temple, minmay_temple_entry_wispy,
          minmay_misc_feat_columns, minmay_bisected, uniq_eustachio

Skill      XL: |  1  2  3  4  5  6  7 |
---------------+----------------------+-----
Unarmed Combat | 1 2 3 4 5 |  5.1
Fighting       | 1 2 3 |  3.4
Poison Magic   | 4 5 |  5.7
Dodging        | |  1.7
Stealth        | |  2.1
Spellcasting   | |  1.7
Conjurations   | |  0.7

Action                   |  1- 3 |  4- 6 |  7- 9 || total
-------------------------+-------+-------+-------++-------
Melee: Unarmed           |   103 |   212 |    21 ||   336
       Punch             |       |     1 |       ||     1
 Fire: Hunting sling     |     2 |       |       ||     2
 Cast: Sting             |    20 |    16 |     1 ||    37
       Olgreb's Toxic Ra |       |     2 |     2 ||     4
 Stab: Sleeping          |     2 |     2 |       ||     4
  Eat: Chunk             |     3 |    18 |     2 ||    23
Armor: Robe              |     5 |       |       ||     5
       Leather armour    |    39 |    50 |     1 ||    90
Dodge: Dodged            |    94 |   130 |    11 ||   235
